[Event "*** Titled Tuesday 3|2 Blitz (Early)"]
[Site "Chess.com"]
[Date "2016.12.06"]
[Round "7"]
[White "pastouche06"]
[Black "Morshynska"]
[Result "1-0"]
[WhiteElo "2311"]
[BlackElo "2122"]
[TimeControl "180+2"]
[EndTime "12:32:08 PST"]
[Termination "pastouche06 won by resignation"]

1. d4 Nf6 2. c4 e6 3. Nc3 Bb4 4.
e3 b6 5. Ne2 Ba6 6. Ng3 Bxc3+ 7.
bxc3 Nc6 8. Bd3 Na5 9. Qe2 Qc8 10. e4 d6 11. Bg5 Nd7 12. Nh5 f6 13. Nxg7+ Kf7 14. Bh6 Ke7 15. O-O Qg8 16. f4 Qf7 17. f5 e5 18. c5 Bxd3 19. cxd6+ cxd6 20. Qxd3 Qc4 21. Qg3 exd4 22. cxd4 Qxd4+ 23. Kh1 Ne5 24. Rad1 Qc4 25. Bf4 Qf7 26. Bxe5 fxe5 27. f6+ Kd7 28. Qh3+ Kc7 29. Ne6+ Kb7 30. Rxd6 Rac8 31. Rd7+ Qxd7 32. Nc5+ Rxc5 33. Qxd7+ Rc7 34. Qd5+ Nc6 35. f7 Rf8 36. Rf6 a6 37. g4 b5 38. g5 Kb6 39. h4 a5 40. h5 a4 41. g6 hxg6 42. hxg6 Rh8+ 43. Kg1 Kb7 44. g7 Rcc8 1-0

[Event "*** Titled Tuesday 3|2 Blitz (Early)"]
[Site "Chess.com"]
[Date "2016.12.06"]
[Round "7"]
[White "VitaliyBernadskiy"]
[Black "Noukii"]
[Result "1/2-1/2"]
[WhiteElo "2587"]
[BlackElo "2663"]
[TimeControl "180+2"]
[EndTime "12:32:14 PST"]
[Termination "Game drawn by agreement"]

1. d4 d5 2. c4 c6 3. cxd5 cxd5 4. Bf4 Nc6 5. e3 Nf6 6. Nc3 a6 7. Rc1 Bg4 8. f3 Bd7 9. Bd3 g6 10. Bg5 Bg7 11. Bxf6 Bxf6 12. Nxd5 Bg7 13. Nc3 O-O 14. f4 Qb6 15. Nge2 Rad8 16. Qd2 Bg4 17. h3 Bxe2 18. Nxe2 Bh6 19. Be4 e5 20. fxe5 Nxe5 21. O-O f5 22.
Bd3 Rfe8 23. Nf4 Rxd4 24. exd4 Qxd4+ 25. Kh1 Bxf4 26. Rxf4 Qxd3 27. Rd1 Qxd2 28. Rxd2 Re7 29. Re2 Kg7 30. g4 Kf6 31. gxf5 g5 32. Rf1 Rd7 33. Kg2 h5 34. a4 a5 35. Rc1 Rd5 36. Rf1 Rd4 37. Re3 b6 38. b3 Rd6 39. Rf2 Rd5 40.
Rc3 Rd6 41. Kg3 h4+ 42. Kg2 Nd3 43. Rf1 Nf4+ 44. Kf3 Kxf5 45. Ke3 Re6+ 46. Kd2 Rd6+ 47. Kc2 Ke4 48. Rc4+ Kf5 49. b4 axb4 50. Rxb4 Kg6 51. Rbxf4 gxf4 52. Rxf4 Kg5 53. Rg4+ Kh5 54. Rb4 Rf6 55. Kd1 Kg5 56. Rg4+ Kh5 1/2-1/2

[Event "*** Titled Tuesday 3|2 Blitz (Early)"]
[Site "Chess.com"]
[Date "2016.12.06"]
[Round "7"]
[White "RamonManon0g"]
[Black "Hieronymus00"]
[Result "0-1"]
[WhiteElo "2273"]
[BlackElo "2122"]
[TimeControl "180+2"]
[EndTime "12:32:23 PST"]
[Termination "Hieronymus00 won by resignation"]

1. d4 Nf6 2. Bg5 c5 3. d5 Qb6 4. Bxf6 Qxf6 5. Nc3 g6 6. e4 Bg7 7. Nf3 d6 8. Be2 O-O 9. O-O a6 10. a4 b6 11. h3 Nd7 12. Qd2 Rb8 13. Qe3 e6 14.
dxe6 fxe6 15. Rad1 Qe7 16. Bc4 Kh8 17. Qg5 Bf6 18. Qg3 Ne5 19. Nxe5 Bxe5 20. f4 Bg7 21. b3 Bd7 22. Ne2 b5 23. axb5 axb5 24. Bd3 d5 25.
c4 bxc4 26. bxc4 Rb3 27. Qf2 Bc6 28. e5 d4 29. Qe1 Qb7 30. Rf2 Be4 31. Nc1 Bxd3 32. Nxb3 Qxb3 33. Rf3 Qxc4 34. Rdxd3 Rxf4 35. Qf2 Rf5 36. g4 Rxf3 37. Qxf3 Qd5 38. Qf7 h6 39.
Qxg6 Qxe5 40. Rf3 c4 41. h4 d3 42. Qe8+ Kh7 43. h5 d2 44. Qg6+ Kh8 45. Qc2 Qe1+ 46. Rf1 Qe3+ 47. Kg2 c3 48. Qd1 Qe4+ 49. Qf3 Qxf3+ 50.
Rxf3 d1=Q 51. Kg3 Qd2 52. Rf2 Qxf2+ 53. Kxf2 c2 0-1

[Event "*** Titled Tuesday 3|2 Blitz (Early)"]
[Site "Chess.com"]
[Date "2016.12.06"]
[Round "7"]
[White "GMKrikor"]
[Black "josiwales"]
[Result "1-0"]
[WhiteElo "2523"]
[BlackElo "2242"]
[TimeControl "180+2"]
[EndTime "12:32:40 PST"]
[Termination "GMKrikor won by checkmate"]

1. d4 Nf6 2. c4 g6 3. Nc3 Bg7 4.
e4 d6 5. f3 O-O 6. Be3 Nbd7 7. Qd2 e5 8. d5 a5 9. O-O-O Nc5 10.
Kb1 b6 11. Nge2 Nfd7 12. Nc1 f5 13. Bd3 f4 14. Bf2 Nf6 15. b3 g5 16. h3 h5 17. Bc2 h4 18. Nd3 Bd7 19. Rc1 Qe7 20.
Bd1 Rfb8 21. Be2 Nh5 22. Rhd1 Qe8 23. Nb5 Rb7 24. Qc2 Bf6 25. Nxc5 bxc5 26. a4 Bd8 27. Be1 Nf6 28. Bc3 Qg6 29. Qd2 Kg7 30. Bxa5 Nh5 31.
Bc3 Ng3 32. Bd3 Be7 33. Kb2 c6 34. dxc6 Bxc6 35. Bc2 Bxb5 36. cxb5 Qe6 37. Bd3 Nh5 38. Bc4 Qd7 39. Bxe5+ Kg6 40. Bc3 Rbb8 41. e5 Ng7 42. exd6 Bf6 43. Qd3+ Nf5 44. Re1 Re8 45. Re4 Qxd6 46. Qxd6 Nxd6 47. Bd3 Kg7 48. Bxf6+ Kxf6 49. Rxe8 Rxe8 50. Rxc5 Re3 51. Kc2 Ke6 52. b6 Kd7 53. a5 Re8 54. a6 Nc8 55. Bf5+ Kd6 56. Rxc8 Re5 57. b7 Rxf5 58. b8=Q+ Kd5 59.
Qb5+ Kd4 60. Qxf5 Ke3 61. Qxg5 Kf2 62. Qxh4+ Kxg2 63. Qg4+ Kh2 64. Re8 Kh1 65. Re4 Kh2 66. Re2+ Kh1 67. Qg2# 1-0

[Event "*** Titled Tuesday 3|2 Blitz (Early)"]
[Site "Chess.com"]
[Date "2016.12.06"]
[Round "7"]
[White "GM_Donatello"]
[Black "ulises2013"]
[Result "1-0"]
[WhiteElo "2577"]
[BlackElo "2298"]
[TimeControl "180+2"]
[EndTime "12:32:45 PST"]
[Termination "GM_Donatello won by checkmate"]

1. e4 g6 2. d4 Bg7 3. Nc3 c5 4.
dxc5 Bxc3+ 5. bxc3 Qa5 6. Qd4 Nf6 7. f3 Nc6 8. Qc4 Ne5 9. Qb4 Qc7 10. Ne2 Nc6 11. Qa3 O-O 12. Bf4 Qa5 13. Qxa5 Nxa5 14. Nd4 b6 15. cxb6 axb6 16. Bc7 Ba6 17. Bxb6 Bxf1 18.
Rxf1 Nc4 19. Bc5 d6 20. Bb4 Ra4 21. Ke2 Rfa8 22. a3 Nxa3 23. Bxa3 Rxa3 24. Rxa3 Rxa3 25. Kd2 Nd7 26. Rb1 Ne5 27. Rb7 Nc4+ 28. Kd3 Ne5+ 29.
Ke2 Rxc3 30. Rxe7 Rc4 31. Ke3 Rc3+ 32. Kd2 Rc4 33. c3 Ra4 34. Rc7 Nc4+ 35. Kd3 Ne5+ 36. Ke3 Ra2 37. Ne2 Kf8 38. h3 Ra4 39. Nf4 Nc4+ 40.
Kf2 Ne5 41. h4 h6 42. g4 Ra2+ 43. Kg3 g5 44. hxg5 hxg5 45. Nd5 Ng6 46. Nf6 Nf4 47. Nh7+ Kg7 48. Nxg5 Ne2+ 49. Kh4 Nf4 50. Rxf7+ Kg6 51. Rxf4 d5 52. exd5 Ra5 53. c4 Ra7 54. Ne4 Rh7+ 55. Kg3 Re7 56. d6 Rd7 57. c5 Ra7 58. c6 Ra1 59. d7 Rg1+ 60. Kf2 Rd1 61. c7 Rc1 62. c8=Q Rb1 63. Qg8+ Kh6 64. Rf6# 1-0

[Event "*** Titled Tuesday 3|2 Blitz (Early)"]
[Site "Chess.com"]
[Date "2016.12.06"]
[Round "7"]
[White "RodinMihail"]
[Black "Mornar1951"]
[Result "0-1"]
[WhiteElo "2422"]
[BlackElo "2590"]
[TimeControl "180+2"]
[EndTime "12:33:25 PST"]
[Termination "Mornar1951 won by resignation"]

1. e4 c5 2. Nf3 d6 3. d4 cxd4 4.
Nxd4 Nf6 5. Nc3 Nc6 6. Bg5 a6 7. Qd2 Nxd4 8. Qxd4 Qa5 9. Bd2 e5 10. Qe3 Be6 11. Qg3 Qc7 12. Bd3 Be7 13. O-O O-O 14.
Bg5 Nh5 15. Qh4 Bxg5 16. Qxg5 Nf6 17. Kh1 h6 18. Qh4 Qb6 19. b3 Rac8 20. Ne2 d5 21. exd5 Bxd5 22. c4 Bc6 23. Nc3 Rcd8 24. Rad1 Rd4 25.
Qh3 Rfd8 26. Ne2 R4d7 27. Qg3 Be4 28. Nc1 Qa5 29. Qe3 Qc3 30. Be2 Qxe3 31. fxe3 Rd2 32. Kg1 Kf8 33. h3 Ke7 34. Rfe1 Bc6 35. Kf1 Ne4 36.
Rxd2 Rxd2 37. Rd1 Rb2 38. Ke1 Ng3 39. Bf3 Bxf3 40. gxf3 Rh2 41. Rd5 f6 42. Nd3 Re2+ 43.
Kd1 Rxe3 44. Nc5 b6 45. Nxa6 Rxf3 46. Nc7 e4 47. Rd2 e3 48. Nd5+ Kf7 49. Nxe3 Rxe3 50. Rd6 Re6 51. Rd7+ Kg6 52. a4 Ne4 53. Kc2 Nc5 54.
Rd2 Re3 55. a5 bxa5 56. Rd5 Nxb3 57. c5 Nxc5 58. Rxc5 a4 59. Ra5 Rxh3 60. Rxa4 Rh5 61. Kd2 Re5 62. Rg4+ Kh7 63. Kd3 g5 64. Kd4 h5 65.
Rg1 Kg6 0-1

[Event "*** Titled Tuesday 3|2 Blitz (Early)"]
[Site "Chess.com"]
[Date "2016.12.06"]
[Round "7"]
[White "MFBerna"]
[Black "bugsbunny444"]
[Result "0-1"]
[WhiteElo "2195"]
[BlackElo "2396"]
[TimeControl "180+2"]
[EndTime "12:33:27 PST"]
[Termination "bugsbunny444 won by resignation"]

1. e4 e6 2. d4 d5 3. Nc3 Nf6 4. e5 Nfd7 5. f4 c5 6. Nf3 Nc6 7. Be3 cxd4 8. Nxd4 Bc5 9. Qd2 O-O 10.
O-O-O a6 11. Nb3 Bb4 12. a3 Be7 13. Bd3 b5 14. Nd4 Bb7 15. Nce2 Na5 16. Kb1 Qc7 17. c3 Nc4 18. Bxc4 Qxc4 19. Qd3 Nc5 20. Qxc4 dxc4 21. Rhg1 Be4+ 22. Ka2 Rfb8 23. Nf3 a5 24.
Ng5 Bc2 25. Rd2 Bd3 26. Nd4 Ra6 27. Nc2 h6 28. Nf3 Ne4 29. Rxd3 cxd3 30. Nce1 Rd8 31. Nd4 b4 32. c4 Bc5 33. Nef3 bxa3 34. bxa3 Nc3+ 35. Kb3 Ne2 36. Nxe2 Bxe3 37. Rd1 Rb8+ 38. Kc3 dxe2 39. Re1 Bxf4 40. Rxe2 Bc1 41. a4 Ba3 42. Nd4 Bb4+ 43. Kd3 Rd8 44. Ke4 Rc8 45. Rc2 Ra7 46.
Nb5 Rd7 47. g3 f5+ 48. exf6 gxf6 49. g4 Rd2 50. Rc1 Rxh2 51. Nd4 Kf7 52. Nf3 Ra2 53. Rf1 Rxa4 54. Ne5+ Ke7 55. Ng6+ Kf7 56. Ne5+ Kg7 57. Nd7 Be7 58. Nb6 Rcxc4+ 59. Nxc4 Rxc4+ 60. Kd3 Rxg4 0-1

[Event "*** Titled Tuesday 3|2 Blitz (Early)"]
[Site "Chess.com"]
[Date "2016.12.06"]
[Round "7"]
[White "ZhuChenChess"]
[Black "micfel"]
[Result "0-1"]
[WhiteElo "2371"]
[BlackElo "2295"]
[TimeControl "180+2"]
[EndTime "12:33:28 PST"]
[Termination "micfel won on time"]

1. d4 d5 2. c4 c6 3. Nf3 e6 4. Nc3 Nf6 5. Bg5 Be7 6. e3 O-O 7.
h3 Nbd7 8. Rc1 b6 9. cxd5 cxd5 10. Bd3 Bb7 11. O-O a6 12. a4 Ne4 13. Bxe7 Qxe7 14. Qe2 f5 15. Rc2 Rfc8 16. Rfc1 h6 17. Ne1 Ndf6 18.
Na2 Qd7 19. b3 a5 20. Nf3 Qd6 21. Ne5 Nd7 22. Nxd7 Qxd7 23. f3 Nf6 24. Nc3 Qd6 25.
Nb5 Qb4 26. Nc7 Rab8 27. Nxe6 Qxb3 28. Bxf5 Qxa4 29. Qf2 Qa3 30. Rxc8+ Bxc8 31. Rc7 Bxe6 32. Bxe6+ Kh8 33. Kh1 Qd6 34. Rc8+ Rxc8 35. Bxc8 a4 36. Qc2 b5 37. Bf5 Qd8 38. Qc6 a3 39. Qxb5 Qa8 40.
Qb1 a2 41. Qa1 Qa3 42. Bc2 Nd7 43. e4 Nb6 44. e5 Nc4 45. e6 Kg8 46. Bg6 Kf8 47.
e7+ Kxe7 48. Kh2 Qb2 49. Qe1+ Kd6 50. Qe8 Qxd4 51. Qd8+ Kc5 52. Qc7+ Kb4 53. Qb7+ Qb6 54. Qxg7 Qd6+ 55. Kh1 Qe5 56. Qb7+ Kc3 57. Qa7 Qe1+ 58. Kh2 a1=Q 0-1

[Event "*** Titled Tuesday 3|2 Blitz (Early)"]
[Site "Chess.com"]
[Date "2016.12.06"]
[Round "7"]
[White "Firebullet"]
[Black "SCIM"]
[Result "1-0"]
[WhiteElo "2331"]
[BlackElo "2287"]
[TimeControl "180+2"]
[EndTime "12:33:35 PST"]
[Termination "Firebullet won by resignation"]

1. d4 Nf6 2. c4 g6 3. f3 Bg7 4. e4 d6 5. Nc3 O-O 6. Be3 c5 7. Nge2 Nc6 8. Qd2 a6 9. d5 Ne5 10. Nc1 e6 11. Be2 exd5 12. cxd5 b5 13. O-O Re8 14. h3 Bd7 15. Rb1 Rb8 16. b3 b4 17. Nd1 Bb5 18. Nb2 Nh5 19. Re1 Ng3 20. Bxb5 axb5 21. Qf2 Nh5 22. Nbd3 Bf6 23. Rd1 Bh4 24.
Qd2 Bg3 25. Ne2 Bh4 26. Nxe5 Rxe5 27. Nf4 Nxf4 28. Bxf4 Re8 29. Qd3 Bf6 30. Rd2 Bc3 31. Rc2 Bd4+ 32. Be3 Be5 33. Bc1 Qh4 34. Bb2 h5 35. Bxe5 Rxe5 36. Rf2 Qf4 37. Rd1 Re7 38. Rdd2 Rc7 39. Rc2 Ra7 40. Rf1 Re7 41. Rff2 Rc7 42. Rf1 Qg3 43. Rff2 Re7 44. Rfe2 Qe5 45. Rf2 h4 46.
Rce2 Qc3 47. Qd1 c4 48. Rc2 Qe3 49. bxc4 bxc4 50. Rxc4 Ra7 51. Qb3 Qe1+ 52. Rf1 Qd2 53. Rc2 Qd4+ 54. Kh1 Ra3 55. Qb2 Qd3 56. Rfc1 Kh7 57.
Qf6 Kg8 58. Rc8+ 1-0

[Event "*** Titled Tuesday 3|2 Blitz (Early)"]
[Site "Chess.com"]
[Date "2016.12.06"]
[Round "7"]
[White "pedromartinez91"]
[Black "VladDobrov"]
[Result "1-0"]
[WhiteElo "2352"]
[BlackElo "2589"]
[TimeControl "180+2"]
[EndTime "12:33:36 PST"]
[Termination "pedromartinez91 won by resignation"]

1. e4 c5 2. Nf3 d6 3. Bb5+ Bd7 4. Bxd7+ Qxd7 5. O-O Nc6 6. c3 Nf6 7. d4 cxd4 8. cxd4 d5 9. e5 Ne4 10. Be3 e6 11.
Ne1 h6 12. f3 Ng5 13. Nd3 Be7 14. Nc3 O-O 15. Qd2 f6 16. Bxg5 hxg5 17. Qe3 Rae8 18.
Rad1 b6 19. Rfe1 Bd8 20. exf6 gxf6 21. f4 g4 22. Nf2 f5 23. Nd3 Bf6 24. Ne5 Nxe5 25.
fxe5 Bg7 26. h3 gxh3 27. Qxh3 Qf7 28. Rd3 a6 29. Rg3 f4 30. Rg4 Qf5 31. Rf1 Qc2 32. Rgxf4 Rxf4 33. Rxf4 Qc1+ 34. Rf1 Qxb2 35. Qd3 Rc8 36. Ne2 Qc2 37. Qh3 Re8 38. Nf4 Qh7 39. Qg4 Qe4 40. Rd1 Kf7 41. Qh5+ Ke7 42. Qg5+ Kf7 43. Nh5 Rg8 44. Rf1+ Ke8 45. Rf4 Qe1+ 46.
Kh2 Kd7 47. Nxg7 Kc6 48. Qh6 Kb5 49. Rf3 Kc4 50. Nh5 Qh4+ 51. Kg1 Qe1+ 52. Rf1 Qe2 53. Qc1+ Kxd4 54. Nf4 Qe3+ 55. Qxe3+ Kxe3 56. Nxe6 Re8 57. Nc7 Rxe5 58. Re1+ Kd4 59. Rxe5 Kxe5 60. Nxa6 d4 61. Kf2 Ke4 62. Ke2 1-0

[Event "*** Titled Tuesday 3|2 Blitz (Early)"]
[Site "Chess.com"]
[Date "2016.12.06"]
[Round "7"]
[White "Fandorine"]
[Black "theprosecution1"]
[Result "0-1"]
[WhiteElo "2621"]
[BlackElo "2549"]
[TimeControl "180+2"]
[EndTime "12:33:37 PST"]
[Termination "theprosecution1 won on time"]

1. e4 c5 2. Nf3 d6 3. d4 cxd4 4.
Nxd4 Nf6 5. Nc3 g6 6. g3 Nc6 7.
Bg2 Nxd4 8. Qxd4 Bg7 9. O-O O-O 10. Qd3 Be6 11. h3 Qc8 12. Re1 Bxh3 13. Bg5 Bxg2 14. Kxg2 Re8 15. Rab1 Qc5 16. Bxf6 Bxf6 17. Nd5 Bg7 18.
b4 Qc6 19. c4 Rac8 20. Rec1 e6 21. Ne3 a6 22. c5 Rcd8 23. cxd6 Qxd6 24. Qxd6 Rxd6 25. Rc7 b5 26. Rbc1 h5 27. Rb7 Rd2 28.
Rcc7 Rf8 29. Rc2 Rxc2 30. Nxc2 Rc8 31. Ne3 Rc3 32. Rb8+ Kh7 33. Rb7 Kg8 34. Rb8+ Kh7 35. Rb7 Kg8 36. Rb8+ Bf8 37. Ra8 Ra3 38. Nc2 Rxa2 39.
Nd4 Kg7 40. Nc6 Rb2 41. Rxa6 Bxb4 42. Kf1 Bc5 43. f4 Rf2+ 44. Ke1 Rg2 45. Ne5 Bd4 46. Nf3 Bc3+ 47. Kf1 Rxg3 48. Ke2 b4 49. Ra7 b3 50. Rb7 b2 51. Ng5 Rg1 52. Nxe6+ Kh6 53. Nd8 b1=Q 54. Nxf7+ Kg7 55. Rxb1 Rxb1 56. Ng5 Bf6 57. Ne6+ Kf7 58. Nc5 h4 59. e5 Be7 60. Ne4 Ke6 61. f5+ Kxf5 62. Ng5 Bxg5 63. Kd3 Rb5 64. Kc4 Rxe5 65. Kd3 Re4 66. Kc2 Bf6 67. Kb3 g5 68. Kc2 g4 69.
Kb3 g3 70. Kc2 h3 71. Kd3 g2 72. Kc2 h2 0-1

[Event "*** Titled Tuesday 3|2 Blitz (Early)"]
[Site "Chess.com"]
[Date "2016.12.06"]
[Round "7"]
[White "Tash_Boy"]
[Black "Kawhi_Leonard2"]
[Result "1-0"]
[WhiteElo "2477"]
[BlackElo "2234"]
[TimeControl "180+2"]
[EndTime "12:33:52 PST"]
[Termination "Tash_Boy won by resignation"]

1. e4 c5 2. Nf3 d6 3. d4 cxd4 4. Nxd4 Nf6 5. Nc3 g6 6. Be3 Bg7 7. f3 Nc6 8. Qd2 O-O 9. g4 Be6 10.
Nxe6 fxe6 11. O-O-O Ne5 12. h4 Nxf3 13. Qg2 Ne5 14.
h5 Nfxg4 15. Bd4 gxh5 16. Rxh5 Qe8 17. Rg5 h5 18. Bc4 Kh7 19. Kb1 Bh6 20. Rxg4 Nxg4 21.
Bxe6 Qg6 22. Bf5 Rxf5 23. exf5 Qxf5 24. Rf1 Qg6 25. Nd5 Re8 26. Bc3 b5 27. Qe2 a6 28.
Nxe7 Bg5 29. Nxg6 Rxe2 30. Nf8+ Kg8 31. Nd7 Be7 32. Nb6 Ne3 33. Rg1+ Kf7 34. a3 h4 35. Nc8 Bf8 36. Rh1 Ng2 37. Nb6 Be7 38. Nd5 Bg5 39. b3 Kg6 40. a4 Kf5 41. a5 Kg4 42. Nc7 h3 43. Nxa6 Ne3 44. Nc7 h2 45. a6 Rg2 46.
Kb2 Rxc2+ 47. Ka3 Rxc3 48. a7 Nc4+ 49. Kb4 Nb6 50. Kxc3 Bf4 51. Kb4 Kf3 52. Kxb5 Kg2 53. Rxh2+ Bxh2 54. Kxb6 Bg1+ 55. Kb7 Bxa7 56. Kxa7 Kf3 57.
Kb6 Ke4 58. Kc6 Kd4 59. Nd5 1-0

[Event "*** Titled Tuesday 3|2 Blitz (Early)"]
[Site "Chess.com"]
[Date "2016.12.06"]
[Round "7"]
[White "joppie2"]
[Black "NewBornNow"]
[Result "0-1"]
[WhiteElo "2540"]
[BlackElo "2588"]
[TimeControl "180+2"]
[EndTime "12:34:20 PST"]
[Termination "NewBornNow won on time"]

1. e4 c5 2. Nf3 d6 3. d4 cxd4 4.
Nxd4 Nf6 5. Nc3 a6 6. h3 e6 7. g4 Be7 8. g5 Nfd7 9. Be3 b5 10. a3 Bb7 11. Qd2 Nb6 12. O-O-O N8d7 13. Kb1 Rc8 14. h4 Ne5 15. Qe1 Nbc4 16. Bc1 Qa5 17. f4 Nd7 18. Nb3 Nxa3+ 19. Ka2 Qc7 20. bxa3 Qxc3 21. Bd3 d5 22. Qxc3 Rxc3 23. Bb2 Rc8 24. Rhe1 dxe4 25. Bxe4 Bxe4 26. Rxe4 Rxc2 27. Kb1 Rc4 28. Rxc4 bxc4 29.
Na5 f6 30. Nxc4 Nc5 31. Nd6+ Bxd6 32. Rxd6 Ke7 33. Rc6 Nd3 34. Bc3 Nxf4 35. Rc7+ Kd6 36. Rxg7 fxg5 37. Rxg5 Rb8+ 38. Kc2 Rc8 39. Kd2 Rc4 40.
Be5+ Kc6 41. Rg4 Re4 42. Bb8 e5 43. Bxe5 Re2+ 44. Kc3 Nd5+ 45. Kd4 Rd2+ 46. Ke4 Re2+ 47. Kd4 Ra2 48. Rg3 Rd2+ 49. Ke4 Re2+ 50. Kf5 Ne3+ 51. Kf6 Kd5 52. Bb8 Rf2+ 53. Kg5 Nf5 54. Rb3 Nd4 55.
Rd3 Rg2+ 56. Kh5 Ke4 57. Rd1 Nf5 58. Re1+ Kd4 59. Be5+ Kd5 60. Bf6 Rg6 61. Bg5 Nd4 62.
Re7 Rc6 63. Rxh7 Ne6 64. Rd7+ Ke5 65. Rd3 Rc4 66. Kh6 Rg4 67. Rf3 Ke4 68. Rf1 Rg3 69. Be7 Nd4 70. Kh7 Nf5 0-1

[Event "*** Titled Tuesday 3|2 Blitz (Early)"]
[Site "Chess.com"]
[Date "2016.12.06"]
[Round "7"]
[White "Zaven_ChessMood"]
[Black "E-Shaposhnikov"]
[Result "1/2-1/2"]
[WhiteElo "2822"]
[BlackElo "2733"]
[TimeControl "180+2"]
[EndTime "12:34:37 PST"]
[Termination "Game drawn by stalemate"]

1. e4 c5 2. Nf3 e6 3. g3 Nc6 4. Bg2 Nf6 5. Qe2 e5 6. O-O Be7 7. c3 d6 8. d3 O-O 9. Bg5 Re8 10.
Nbd2 Be6 11. Nc4 b5 12. Ne3 a5 13. a4 b4 14. h3 h6 15. Bxf6 Bxf6 16. Nd2 g6 17. Ndc4 Bg7 18. Kh2 Rb8 19. Qd2 Kh7 20.
f4 exf4 21. gxf4 bxc3 22. bxc3 g5 23. Nd5 gxf4 24. Rxf4 Ne5 25. Nce3 Ng6 26. Rf2 Qg5 27. Rg1 Be5+ 28. Kh1 Rg8 29. Bf1 Qh5 30. Ng4 Bxd5 31. exd5 Rbf8 32. d4 cxd4 33. cxd4 Bg7 34. Ne3 f5 35.
Qd3 f4 36. Nc4 Qxd5+ 37. Rfg2 Bh8 38. Kh2 Rf6 39. Rg4 f3 40. Ne3 Qe6 41. R1g3 Rg7 42. h4 Kg8 43. Qc4 Ne7 44. Qxe6+ Rxe6 45. Bc4 d5 46.
Nxd5 Kh7 47. Bd3+ Kg8 48. Nf4 Re3 49. Rxg7+ Bxg7 50. d5 Kf7 51. d6 Be5 52. d7 Bc7 53.
Bc4+ Kf6 54. Kh3 Re4 55. Nh5+ Ke5 56. Rg4 Rxg4 57. Kxg4 f2 58. Kf3 Bb6 59. Ng3 Kd6 60. Bb5 Nc6 61. Ne4+ Kxd7 62. Nxf2 Bxf2 63. Kxf2 Kd6 64.
Ke3 Ne5 65. Kf4 Ke6 66. h5 Kf6 67. Be2 Nd7 68. Bb5 Nc5 69. Bc6 Ke6 70. Ke3 Ke5 71. Bb5 Nxa4 72. Bxa4 Kf6 73. Kf4 Kg7 74. Ke5 Kh8 75.
Kd5 Kh7 76. Kc5 Kh8 77. Kb5 Kh7 78. Kxa5 Kh8 79. Kb5 Kh7 80. Kc5 Kh8 81. Kd6 Kh7 82. Ke6 Kh8 83. Kf6 Kh7 84. Bb3 Kh8 85. Kf7 Kh7 86.
Bc2+ Kh8 87. Kg6 Kg8 88. Kxh6 Kh8 89. Kg6 Kg8 90. h6 Kh8 91. h7 1/2-1/2

[Event "*** Titled Tuesday 3|2 Blitz (Early)"]
[Site "Chess.com"]
[Date "2016.12.06"]
[Round "7"]
[White "Matibar"]
[Black "Iball95"]
[Result "1-0"]
[WhiteElo "2567"]
[BlackElo "2481"]
[TimeControl "180+2"]
[EndTime "12:34:44 PST"]
[Termination "Matibar won by resignation"]

1. d4 d5 2. Nf3 Nf6 3. Bf4 c5 4.
e3 Nc6 5. c3 Qb6 6. Qb3 c4 7.
Qc2 Bf5 8. Qc1 e6 9. Be2 Nh5 10.
Bg3 Nxg3 11. hxg3 h6 12. Nbd2 Be7 13. b3 cxb3 14. axb3 O-O 15. O-O Rfc8 16. Qb2 a6 17. Rfc1 Qd8 18. Ne1 Rc7 19. Bd3 Bxd3 20. Nxd3 Rac8 21.
c4 Nb4 22. Nxb4 Bxb4 23. c5 Bxd2 24. Qxd2 Qd7 25. b4 Rc6 26. Ra5 g6 27. b5 axb5 28. Rxb5 Ra6 29. Rcb1 Rc7 30. Rb6 Rxb6 31. Rxb6 Rc6 32.
Rb1 Kg7 33. Qb4 Rc7 34. g4 Qc6 35. f4 Qa6 36. Kf2 Qd3 37. Rb2 Qd1 38. Qb6 Rd7 39. Qb5 Rc7 40. Qe2 Qc1 41. Qd2 Qa1 42. Kg3 Qh1 43. Rc2 g5 44. Rc1 Qh4+ 45. Kf3 h5 46.
gxh5 g4+ 47. Ke2 Qxh5 48. Qe1 g3+ 49. Kd2 Qg6 50. Rc3 Qg4 51. Qe2 Qg6 52. Qe1 Qg4 53. Qd1 Qg6 54. Qf3 Rc6 55. e4 dxe4 56. Qxg3 b6 57.
Qxg6+ Kxg6 58. g4 bxc5 59. dxc5 f5 60. g5 e5 61. Ke3 Kh5 62. fxe5 Kxg5 63. Kd4 Kf4 64.
Kd5 Rc8 65. e6 e3 66. e7 e2 67. Rc1 Ke3 68. Kd6 f4 69. Kd7 Rh8 70. c6 f3 71. c7 f2 72. c8=Q Rxc8 73. Rxc8 f1=Q 74. e8=Q+ Kf2 75. Qf8+ Kg1 76. Qc5+ Qf2 77. Rg8+ Kf1 78.
Qc4 Qf5+ 79. Kd6 Qf6+ 80. Kc7 Kf2 81. Qc5+ Ke1 82. Rg1+ Kd2 83. Qc1+ Kd3 84. Rg3+ Ke4 85. Re3+ Kd5 86. Rd3+ Ke4 87. Qe3+ Kf5 88. Qf3+ Kg6 89. Qxf6+ Kxf6 90. Re3 1-0

[Event "*** Titled Tuesday 3|2 Blitz (Early)"]
[Site "Chess.com"]
[Date "2016.12.06"]
[Round "7"]
[White "AmazingAtlas"]
[Black "WanderingPuppet"]
[Result "1-0"]
[WhiteElo "2309"]
[BlackElo "2287"]
[TimeControl "180+2"]
[EndTime "12:34:46 PST"]
[Termination "AmazingAtlas won by resignation"]

1. e4 c5 2. Nf3 d6 3. Bb5+ Nd7 4.
d4 cxd4 5. Qxd4 a6 6. Bxd7+ Bxd7 7. c4 e5 8. Qd3 Nf6 9. Nc3 h6 10. O-O Be7 11. Rd1 Qc7 12. b3 Rc8 13. Ba3 b5 14. Bxd6 Bxd6 15. Qxd6 Qxd6 16. Rxd6 bxc4 17. Nd5 Nxd5 18. exd5 Bb5 19. bxc4 Ke7 20. Rb6 Bxc4 21. Nxe5 Bxd5 22. Rxa6 Rc7 23. Re1 Be6 24. Nxf7 Kxf7 25. Raxe6 Ra8 26. R6e2 Rca7 27. Ra1 Ra3 28. g3 h5 29. h4 Kg6 30. Kf1 Kf5 31. Rc2 R8a5 32. Ke1 g6 33. Kf1 Rd5 34. Rac1 Re5 35. Kg2 Kf6 36.
Rc6+ Kf5 37. R1c4 Re2 38. Rf4+ Ke5 39. Rxg6 Raxa2 40. Rg5+ Ke6 41. Rxh5 Reb2 42. Rg5 Rb8 43. h5 Rh8 44. g4 Ra3 45. Rf3 Ra1 46. Rg6+ Ke5 47.
Rf5+ Ke4 48. Re6+ Kd4 49. Re3 Ra7 50. Kf3 Ra1 51. Re4+ Kd3 52. Rd5+ Kc3 53. Rf4 Ra3 54. Re5 Kd2+ 55. Re3 Ra6 56. Rd4+ Kc2 57. Kg3 Rf6 58. Rf4 Rd6 59. Rff3 Rd1 60. Re2+ Kb1 61. Rfe3 Rd4 62. Rb3+ Kc1 63. Ra3 Kd1 64. Rb2 Kc1 65. Raa2 Rg8 66. f3 Re8 67. Rg2 Kb1 68. Rab2+ Ka1 69. Rbf2 Rd1 70.
h6 Rh8 71. g5 Rg8 72. f4 Rgd8 73. Kg4 Re8 74. h7 Rh8 75. g6 Rc8 76. g7 Rcd8 77.
h8=Q Kb1 1-0

[Event "*** Titled Tuesday 3|2 Blitz (Early)"]
[Site "Chess.com"]
[Date "2016.12.06"]
[Round "7"]
[White "Ind1anStar"]
[Black "alturas_pacificas"]
[Result "0-1"]
[WhiteElo "2171"]
[BlackElo "2183"]
[TimeControl "180+2"]
[EndTime "12:35:02 PST"]
[Termination "alturas_pacificas won by resignation"]

1. e4 e5 2. Nf3 Nf6 3. d4 Nxe4 4.
dxe5 d5 5. Bd3 Nc5 6. O-O Nxd3 7. Qxd3 Be7 8. Nc3 c6 9. Bf4 O-O 10. Rad1 Nd7 11. h3 Nc5 12. Qd2 Bf5 13. Rfe1 Qb6 14. Nd4 Bg6 15. e6 fxe6 16. Nxe6 Nxe6 17. Rxe6 Bc5 18. Nxd5 Qxb2 19. Be3 Bxe3 20. Nxe3 Qxa2 21. Re7 Rf7 22. Qd7 Rxe7 23. Qxe7 Qf7 24. Qb4 Rf8 25.
Qd2 a5 26. Ng4 Bh5 27. Rb1 Bxg4 28. hxg4 a4 29. f3 b5 30. Qc3 Qe6 31. Re1 Qd6 32. Re4 Rd8 33. Qa5 h6 34. Qb6 a3 35. Qa7 Rd7 36.
Qa8+ Kh7 37. Re8 Qd4+ 38. Kh1 Qd1+ 39. Kh2 Qd6+ 40. Kh3 Re7 41. Rh8+ Kg6 42. Qc8 Qe6 43. Qa8 a2 44. Qa3 Rd7 45. f4 Qe4 46. f5+ Kg5 47.
Qc1+ Qf4 48. Qxf4+ Kxf4 49. g3+ Ke3 50. Ra8 Kd2 51. Rxa2 Kc3 52. Ra6 Rd6 53. Ra2 b4 54.
Kh4 c5 55. g5 hxg5+ 56. Kxg5 c4 57. g4 Rd2 58. Kg6 Rxc2 59. Ra7 Rg2 60. g5 b3 61.
Rxg7 b2 62. Rb7 Kc2 63. f6 c3 64. f7 Rf2 65. Kg7 b1=Q 66. Rxb1 Kxb1 67. g6 c2 68.
f8=Q Rxf8 69. Kxf8 c1=Q 70. g7 Qf4+ 71. Kg8 Kc2 72.
Kh7 Qh4+ 73. Kg6 Qg4+ 74. Kf7 Qf5+ 75. Ke7 Qg6 76. Kf8 Qf6+ 77. Kg8 Kd3 78. Kh7 Qh4+ 79. Kg6 Qg4+ 80. Kh7 Qh5+ 81. Kg8 Ke4 82. Kf8 Qf5+ 83. Ke7 Qg6 84. Kf8 Qf6+ 85. Kg8 Kf5 86. Kh7 Qg6+ 87. Kh8 Qh6+ 88. Kg8 Kf6 0-1